AoeStats
← Sp.[R]itep''

Black Forest

504386382Analyzed
4v4 RM · 26d ago on Sep 5, 2026· 44m 12s· 8 players
Game mode
Random Map
Map size
Large (8 player)
Population
200
Speed
Normal
Resources
Standard
Victory
Conquest
Starting age
Dark Age
Ending age
Imperial Age
RankedLock teamsTeams togetherTeam positionsShared explorationLock speedFull tech treeHidden civsTurbo modeCheats
Victory
Defeat
🇲🇴 Inca · Macao SAR China
1065
+11
🇨🇳 Spanish · China
942
+16
🇨🇳 Muisca · China
869
+19
🇮🇳 Slavs · India
775
+23
🇺🇸 Teutons · United States
982
-19
🇨🇳 Bohemians · China
927
-17
🇺🇸 Huns · United States
924
-17
🇺🇸 Spanish · United States
901
-16
mgaitaniella
0:28 Loom
13:17 Feudal Age
15:38 Wheelbarrow
18:56 Castle Age
16:53 Double-Bit Axe
17:53 Gold Mining
17:46 Horse Collar
19:13 Stone Mining
24:14 Bow Saw
26:57 Heavy Plow
32:23 Imperial Age
30:31 Fletching
30:41 Padded Archer Armor
31:13 Forging
31:09 Scale Barding Armor
31:20 Bloodlines
31:38 Husbandry
31:40 Marauders
31:38 Bodkin Arrow
32:10 Leather Archer Armor
33:36 Iron Casting
33:36 Parthian Tactics
33:43 Heavy Cavalry Archer
35:04 Caravan
35:48 Bracer
36:40 Conscription
37:01 Gold Shaft Mining
36:44 Hand Cart
36:15 Town Watch
37:36 Two-Man Saw
36:59 Ballistics
37:25 Chain Barding Armor
goldenboy54
7:36 Loom
11:25 Feudal Age
14:14 Double-Bit Axe
14:15 Horse Collar
16:54 Castle Age
15:43 Gold Mining
18:55 Caravan
21:41 Scale Barding Armor
21:47 Forging
22:04 Stone Mining
23:35 Heavy Plow
26:21 Wheelbarrow
29:01 Hand Cart
31:25 Bow Saw
34:16 Iron Casting
33:42 Scale Mail Armor
34:03 Chain Barding Armor
33:34 Fletching
35:16 Ballistics
37:48 Imperial Age
36:39 Masonry
36:25 Murder Holes
36:41 Fortified Wall
36:22 Guard Tower
37:40 Bloodlines
36:51 Light Cavalry
37:32 Husbandry
38:03 Capped Ram
38:29 Pikeman
38:38 Cavalier
39:56 Chain Mail Armor
40:15 Halberdier
Century03
0:39 Loom
11:25 Feudal Age
13:11 Horse Collar
13:37 Double-Bit Axe
17:59 Castle Age
16:12 Stone Mining
17:07 Gold Mining
17:31 Fletching
19:08 Bow Saw
19:13 Heavy Plow
21:53 Bodkin Arrow
28:28 Imperial Age
27:34 Scale Mail Armor
27:45 Forging
27:10 Pikeman
27:51 Squires
27:36 Arson
27:37 Gambesons
28:25 Ballistics
28:16 Masonry
30:09 Halberdier
32:35 Two-Man Saw
31:55 Chain Mail Armor
34:15 Iron Casting
34:15 Conscription
37:49 Fortified Wall
38:39 Chemistry
三脚猫功夫
1:30 Loom
9:40 Feudal Age
17:36 Castle Age
16:08 Double-Bit Axe
16:24 Horse Collar
22:27 Bow Saw
26:35 Wheelbarrow
29:02 Imperial Age
26:54 Heavy Plow
28:45 Chemistry
30:42 Wagenburg Tactics
30:58 Conscription
30:48 Wagenburg Tactics
32:50 Ballistics
32:11 Treadmill Crane
33:32 Hand Cart
BABA_CHUTMARIKE
5:47 Loom
6:04 Loom
10:36 Feudal Age
11:16 Double-Bit Axe
15:53 Castle Age
14:36 Horse Collar
17:19 Heavy Plow
18:28 Wheelbarrow
18:36 Wheelbarrow
18:24 Bow Saw
24:44 Hand Cart
25:37 Stone Mining
30:00 Imperial Age
27:33 Gold Mining
29:51 Bloodlines
29:42 Husbandry
29:52 Scale Barding Armor
29:58 Forging
31:32 Chain Barding Armor
32:13 Iron Casting
32:10 Conscription
31:13 Elite Boyar
33:03 Hoardings
33:14 Plate Barding Armor
33:51 Chemistry
32:57 Siege Engineers
33:03 Masonry
34:47 Blast Furnace
34:41 Ballistics
34:17 Fletching
hold up
0:44 Loom
13:05 Feudal Age
14:36 Double-Bit Axe
21:07 Castle Age
19:11 Horse Collar
19:29 Gold Mining
19:31 Stone Mining
21:30 Wheelbarrow
22:35 Bow Saw
23:00 Heavy Plow
25:23 Gold Shaft Mining
27:05 Stone Shaft Mining
30:03 Imperial Age
28:29 Fervor
28:40 Sanctity
29:20 Hand Cart
28:51 Town Watch
29:17 Treadmill Crane
29:38 Fletching
30:44 Ballistics
33:27 Two-Man Saw
33:22 Conscription
33:37 Crop Rotation
35:06 Chemistry
34:03 Murder Holes
34:45 Crossbowman
35:32 Thumb Ring
35:47 Bodkin Arrow
36:37 Arbalester
38:05 Herbalism
37:56 Onager
38:34 Elite Temple Guard
39:15 Squires
38:36 Champi Runner
39:39 Bracer
39:39 Padded Archer Armor
39:44 Scale Mail Armor
39:54 Forging
40:48 Elite Skirmisher
41:42 Siege Onager
43:45 Leather Archer Armor
43:45 Chain Mail Armor
44:05 Iron Casting
43:59 Siege Engineers
44:04 Masonry
EMOS88
1:36 Loom
11:36 Feudal Age
14:03 Horse Collar
14:11 Double-Bit Axe
17:35 Castle Age
15:47 Horse Collar
16:13 Gold Mining
16:55 Stone Mining
18:21 Heavy Plow
20:10 Bow Saw
20:59 Town Watch
24:35 Gold Shaft Mining
26:19 Wheelbarrow
30:13 Imperial Age
28:39 Fletching
29:45 Stone Shaft Mining
29:19 Pikeman
30:14 Scale Mail Armor
30:38 Squires
30:25 Arson
30:55 Forging
30:31 Halberdier
31:38 Conscription
33:00 Iron Casting
32:57 Crop Rotation
34:07 Town Patrol
33:40 Champi Runner
35:25 Blast Furnace
34:50 Masonry
35:07 Chain Mail Armor
34:45 Champi Warrior
35:36 Fabric Shields
36:42 Bodkin Arrow
37:29 Elite Champi Warrior
43:04 Chemistry
Sp.[R]itep''
0:26 Loom
11:57 Feudal Age
16:37 Castle Age
15:33 Double-Bit Axe
20:59 Bow Saw
21:32 Fervor
21:31 Horse Collar
23:10 Wheelbarrow
25:05 Heavy Plow
28:06 Hand Cart
28:03 Scale Barding Armor
31:07 Imperial Age
28:39 Town Watch
29:31 Forging
30:01 Chain Barding Armor
30:09 Bloodlines
29:59 Husbandry
30:07 Gold Mining
31:40 Iron Casting
31:12 Cavalier
32:08 Masonry
32:35 Hoardings
32:21 Stone Mining
34:06 Two-Man Saw
33:27 Onager
35:33 Blast Furnace
35:24 Stone Shaft Mining
35:39 Fortified Wall
36:47 Paladin
39:25 Light Cavalry
39:29 Capped Ram
41:40 Plate Barding Armor
43:03 Conscription
43:10 Siege Ram
44:15 Town Patrol
44:18 Padded Archer Armor
Connection lost

Rejoining the realm…

Still unreachable

The connection could not be restored.

Session expired

The server has moved on; the page needs a fresh start.